 Dungeon Crawl Stone Soup version 0.29.1-1-gd02db6906a (webtiles) character file.

Game seed: 18130900527427509298

143 safid the Shooter (level 5, -10/45 HPs)
             Began as a Minotaur Hunter on Oct 21, 2022.
             Mangled by Grinder (14 damage)
             ... on level 3 of the Dungeon.
             The game lasted 00:03:02 (2688 turns).

safid the Shooter (Minotaur Hunter)                 Turns: 2688, Time: 00:03:03

Health: -10/45     AC:  3    Str: 15    XL:     5   Next: 4%
Magic:  4/4        EV: 16    Int:  6    God:
Gold:   167        SH:  0    Dex: 16    Spells: 4/4 levels left

rFire   + . .      SeeInvis .   a - +0 shortbow
rCold   . . .      Faith    .   (shield currently unavailable)
rNeg    . . .      Spirit   .   c - +0 leather armour
rPois   .          Reflect  .   (helmet restricted)
rElec   .          Harm     .   (no cloak)
rCorr   .          Rampage  .   (no gloves)
Will    .....                   (no boots)
Stlth   +.........              (no amulet)
HPRegen 0.15/turn               f - +4 ring of evasion
MPRegen 0.09/turn               n - ring of protection from fire

@: no status effects
A: horns 2, retaliatory headbutt
a: no special abilities


You were on level 3 of the Dungeon.
You visited 1 branch of the dungeon, and saw 3 of its levels.

You collected 167 gold pieces.

Inventory:

Hand Weapons
 a - a +0 shortbow (weapon)
Armour
 c - a +0 leather armour (worn)
Jewellery
 f - a +4 ring of evasion (left hand)
 n - a ring of protection from fire (right hand)
Scrolls
 b - a scroll of immolation
 e - 2 scrolls of poison {unknown}
 g - 3 scrolls of noise {unknown}
 h - a scroll of torment {unknown}
 i - a scroll of vulnerability {unknown}
 j - 5 scrolls of identify {unknown}
 k - 2 scrolls of teleportation {unknown}
 l - a scroll of fear {unknown}
Potions
 d - a potion of berserk rage {unknown}
 m - a potion of cancellation {unknown}


   Skills:
 - Level 3.0 Fighting
 + Level 6.8 Ranged Weapons
 - Level 2.1 Dodging
 - Level 0.7 Stealth


You had 4 spell levels left.
You didn't know any spells.
Your spell library was empty.

Dungeon Overview and Level Annotations

Branches:
Dungeon (3/15)

Altars:
Qazlal
Ru

Annotations:
D:3 1 runed translucent door, Crazy Yiuf, Grinder


Innate Abilities, Weirdness & Mutations

You have a pair of horns on your head.
You reflexively headbutt those who attack you in melee.


Message History

Aim: Grinder, carrying a wand of flame (15) (severely wounded, strong, 61% to hit)
You shoot an arrow. The arrow closely misses Grinder.
Grinder blinks!
Fire: a) +0 shortbow
Press: ? - help, Q - select action Shift-Dir - straight line, f/p - Grinder
Aim: Grinder, carrying a wand of flame (15) (severely wounded, strong, 61% to hit)
You shoot an arrow. The arrow barely misses Grinder.
Unknown command.
Fire: a) +0 shortbow
Press: ? - help, Q - select action Shift-Dir - straight line, f/p - Grinder
Aim: Grinder, carrying a wand of flame (15) (heavily wounded, strong, 61% to hit)
You shoot an arrow.
The arrow hits Grinder but does no damage.
Grinder is heavily wounded.
Fire: a) +0 shortbow
Press: ? - help, Q - select action Shift-Dir - straight line, f/p - Grinder
Aim: Grinder, carrying a wand of flame (15) (heavily wounded, strong, 61% to hit)
You shoot an arrow.
The arrow hits Grinder but does no damage.
Grinder is heavily wounded.
Grinder zaps a wand.
The puff of flame hits you. You resist.
Fire: a) +0 shortbow
Press: ? - help, Q - select action Shift-Dir - straight line, f/p - Grinder
Aim: Grinder, carrying a wand of flame (14) (heavily wounded, strong, 61% to hit)
You shoot an arrow. The arrow hits Grinder.
Grinder is severely wounded.
Fire: a) +0 shortbow
Press: ? - help, Q - select action Shift-Dir - straight line, f/p - Grinder
Aim: Grinder, carrying a wand of flame (14) (severely wounded, strong, 61% to hit)
You shoot an arrow. The arrow barely misses Grinder.
Grinder hits you!
* * * LOW HITPOINT WARNING * * *
You writhe in agony.
* * * LOW HITPOINT WARNING * * *
Fire: a) +0 shortbow
Press: ? - help, Q - select action Shift-Dir - straight line, f/p - Grinder
Aim: Grinder, carrying a wand of flame (14) (severely wounded, strong, 61% to hit)
You shoot an arrow. The arrow barely misses Grinder.
Grinder hits you!
You die...

### #### .########## #.#
#... ..........###.###
#... ..........##....###
#... ..................#
#... ..................#
#...
..................###...
.........†##............
......5@..##......<....)
..........##.........)..
.##.....#..........###..
#...................#..
#$..................#..
.....................#..
.....................#..
...............#........
.........


You could see Grinder (strong).

Vanquished Creatures
  3 adders
  4 gnolls (D:2)
  A worm (D:2)
  3 dart slugs
  An orc (D:3)
  4 ball pythons
  7 bats
  5 endoplasms
  3 giant cockroaches
  9 goblins
  6 hobgoblins
  4 jackals (D:2)
  2 quokkas
  3 frilled lizards
  5 kobolds
  5 rats
65 creatures vanquished.

Notes
Turn   | Place    | Note
-------+----------+-------------------------------------------
     0 | D:1      | safid the Minotaur Hunter began the quest for the Orb.
     0 | D:1      | Reached XP level 1. HP: 18/18 MP: 0/0
   443 | D:1      | Reached XP level 2. HP: 26/26 MP: 1/1
   720 | D:1      | Reached skill level 5 in Ranged Weapons
  1009 | D:2      | Found a faded altar of an unknown god.
  1033 | D:2      | Reached XP level 3. HP: 10/31 MP: 2/2
  1598 | D:2      | Reached skill level 6 in Ranged Weapons
  1598 | D:2      | Reached XP level 4. HP: 18/38 MP: 3/3
  2332 | D:3      | Reached XP level 5. HP: 45/45 MP: 4/4
  2335 | D:3      | Found a sacrificial altar of Ru.
  2518 | D:3      | Found a stormy altar of Qazlal.
  2603 | D:3      | Found a runed translucent door.
  2604 | D:3      | Noticed Crazy Yiuf
  2662 | D:3      | Noticed Grinder
  2677 | D:3      | Paralysed by Grinder for 4 turns
  2688 | D:3      | Mangled by Grinder

Illustrated notes

Levels and vault maps discovered:
D:1:      roderic_octagonal_star, layout_basic
D:2:      layout_basic, serial_rivers, chequers_serial_rivers_micro_e,
          chequers_serial_rivers_small_3, chequers_serial_rivers_large_a,
          chequers_serial_rivers_micro_b, chequers_serial_rivers_small_3,
          hellmonk_ecumenical_altar_run_dry, minmay_misc_feat_alley
D:3:      layout_basic, mainiacjoe_overflow_surrounded_room,
          mainiacjoe_overflow_catwalk, kennysheep_minor_cross,
          amcnicky_mini_rare_corridor_liquid, uniq_crazy_yiuf_cottage,
          uniq_grinder, uniq_jessica

Skill      XL: |  1  2  3 |
---------------+----------+-----
Fighting       | 3 |  3.0
Ranged Weapons | 5 6 |  6.8
Dodging        | |  2.1
Stealth        | |  0.7

Action                   |  1- 3 |  4- 6 || total
-------------------------+-------+-------++-------
 Fire: Shortbow          |   112 |    82 ||   194
Armor: Leather armour    |     3 |     5 ||     8
Dodge: Dodged            |    44 |    26 ||    70
